AoeStats
← Steffels

Arabia

508057731Analyzed
1v1 RM · 11d ago on Sep 20, 2026· 45m 41s· 2 players
Game mode
Random Map
Map size
Tiny (2 player)
Population
200
Speed
Normal
Resources
Standard
Victory
Conquest
Starting age
Dark Age
Ending age
Imperial Age
RankedLock teamsTeams togetherTeam positionsShared explorationLock speedFull tech treeHidden civsTurbo modeCheats
Victory
Defeat
🇧🇪 Turks · Belgium
1061
+23
🇦🇷 Franks · Argentina
1048
-15
BITCOIN_
8:01 Loom
9:52 Feudal Age
12:56 Double-Bit Axe
15:02 Scale Barding Armor
18:39 Forging
23:20 Castle Age
26:16 Wheelbarrow
25:31 Light Cavalry
26:16 Husbandry
26:56 Town Watch
33:11 Imperial Age
36:06 Bow Saw
36:39 Cavalier
38:58 Masonry
39:14 Hand Cart
39:59 Chain Barding Armor
39:47 Pikeman
40:28 Squires
40:30 Halberdier
42:45 Iron Casting
42:11 Scale Mail Armor
42:17 Elite Skirmisher
Steffels
8:08 Loom
10:01 Feudal Age
10:52 Double-Bit Axe
11:06 Horse Collar
20:51 Castle Age
19:54 Scale Barding Armor
20:17 Bloodlines
21:03 Forging
21:46 Husbandry
22:45 Gold Mining
23:34 Wheelbarrow
23:27 Bow Saw
27:44 Fletching
29:06 Hand Cart
34:54 Imperial Age
32:55 Bodkin Arrow
33:01 Padded Archer Armor
33:16 Town Watch
34:33 Leather Archer Armor
34:55 Iron Casting
34:41 Chain Barding Armor
35:03 Stone Mining
37:20 Two-Man Saw
37:30 Blast Furnace
36:31 Bracer
40:33 Plate Barding Armor
40:29 Ring Archer Armor
Connection lost

Rejoining the realm…

Still unreachable

The connection could not be restored.

Session expired

The server has moved on; the page needs a fresh start.